 Dungeon Crawl Stone Soup version 0.31-a0-1127-ge7b2bbabab (webtiles) character file.

Game seed: 6904905377335034377

180435 Malachi the Warrior (level 17, -3/135 (147) HPs)
             Began as a Demonspawn Berserker on Dec 5, 2023.
             Was a High Priest of Trog.
             Slain by a deep elf blademaster
             ... wielding a +0 rapier
              (14 damage)
             ... on level 3 of the Elven Halls.
             The game lasted 00:53:07 (33380 turns).

Malachi the Warrior (Demonspawn Berserker)         Turns: 33380, Time: 00:53:07

HP:   -3/135 (147)  AC: 33    Str: 29    XL:     17   Next: 64%
MP:   5/5           EV: 15    Int:  7    God:    Trog [*****.]
Gold: 1552          SH: 14    Dex: 13    Spells: 16/16 levels left

rFire   + + +        r - +5 demon whip "Spellbinder" {antimagic, disrupt, Will+}
rCold   + . .        F - +2 buckler {AC+3}
rNeg    . . .        u - +8 chain mail {ponderous}
rPois   .            K - +2 hat
rElec   .            q - scarf of Ru's Generosity {+Inv, rF+ rC+ Str+3}
rCorr   .            E - +2 pair of gloves {infuse}
SInv    .            (boots unavailable)
Will    ++++.        e - amulet of reflection Stlth
                     i - ring of flight
HPRegen 1.42/turn    P - ring of protection from fire
MPRegen 0.18/turn

%: reflection, infuse magic (1 MP)
@: mighty, agile, strong-willed, flying, regenerating, hasted, studying Unarmed
Combat, drained, very quick
A: hooves 3, molten scales 3, powered by pain 2, magic regeneration, inability
to read after injury 1
a: Renounce Religion, Evoke Invisibility, Berserk, Trog's Hand, Brothers in Arms


You were on level 3 of the Elven Halls.
You worshipped Trog.
Trog was extremely pleased with you.
You visited 5 branches of the dungeon, and saw 26 of its levels.
You also visited: Bailey.

You collected 2630 gold pieces.
You spent 1078 gold pieces at shops.

Inventory:

Hand Weapons
 r - the +5 demon whip "Spellbinder" (weapon) {antimagic, disrupt, Will+}
   (You found it in a bailey)

   Will+:     It increases your willpower.
 w - the +10 war axe "Pucsax" {flame, rElec rF- rN+}
   (You found it on level 4 of the Lair of Beasts)

   rF-:       It makes you vulnerable to fire.
   rElec:     It insulates you from electricity.
   rN+:       It protects you from negative energy.
 N - the +6 morningstar "Syor" {vamp, Dex+3}
   (You found it on level 12 of the Dungeon)

   Dex+3:     It affects your dexterity (+3).
Missiles
 o - 6 throwing nets
 s - 4 darts of dispersal
Armour
 q - the scarf of Ru's Generosity (worn) {+Inv, rF+ rC+ Str+3}
   (You acquired it in a bailey)

   Str+3:     It affects your strength (+3).
   rF+:       It protects you from fire.
   rC+:       It protects you from cold.
 u - a +8 chain mail of ponderousness (worn)
 E - a +2 pair of gloves of infusion (worn)
 F - a +2 buckler of protection (worn)
 K - a +2 hat (worn)
Jewellery
 e - an amulet of reflection (around neck)
 i - a ring of flight (left hand)
 P - a ring of protection from fire (right hand)
 Q - a ring of magical power
 R - a ring of positive energy
Wands
 h - a wand of light (27)
 v - a wand of charming (29)
 x - a wand of roots (12)
 y - a wand of polymorph (8)
 D - a wand of flame (19)
 I - a wand of mindburst (4)
Scrolls
 a - a scroll of blinking
 b - 8 scrolls of enchant armour
 d - 2 scrolls of enchant weapon
 n - 6 scrolls of brand weapon
 p - 14 scrolls of teleportation
 t - 3 scrolls of poison
 A - 3 scrolls of fog
 B - 5 scrolls of summoning
 H - 2 scrolls of fear
 J - 2 scrolls of vulnerability
 M - 7 scrolls of identify
 S - 2 scrolls of revelation
 T - a scroll of immolation
Potions
 c - 4 potions of attraction
 f - 2 potions of haste
 g - a potion of heal wounds
 j - a potion of berserk rage
 k - 6 potions of curing
 z - 3 potions of invisibility
 C - 2 potions of cancellation
 G - 2 potions of lignification
 L - 2 potions of resistance
Miscellaneous
 l - a phantom mirror (inert)
 O - a lightning rod (3/4)


   Skills:
 + Level 17.3 Fighting
 + Level 14.4(15.5) Axes
 - Level 10.0(13.4) Maces & Flails
 + Level 13.1 Armour
 - Level 1.7 Dodging
 + Level 12.0 Shields
 - Level 10.0 Evocations


You had 16 spell levels left.
You didn't know any spells.
Your spell library was empty.

Dungeon Overview and Level Annotations

Branches:
Dungeon (15/15)            Temple (1/1) D:4            Lair (5/5) D:10
 Shoals (0/4) Lair:2        Snake (0/4) Lair:2        Slime (0/5) Lair:5
    Orc (2/2) D:9             Elf (3/3) Orc:2        Vaults (0/5) D:14
 Depths (0/4) D:15         Bailey (visited)

Altars:
Ashenzari
Cheibriados
Dithmenos
Fedhas
Gozag
Hepliaklqana
Kikubaaqudgha
Makhleb
Nemelex Xobeh
Okawaru
Qazlal
Ru
Sif Muna
Trog
Uskayaw
Vehumet
Wu Jian
Xom
Yredelemnul

Shops:
D:1 :   D:2 =[=[:   Orc:2 ?(?(!

Portals:
Trove: D:15 (give 5 scrolls of fear)

Annotations:
Elf:2 exclusion: 3 doors


Innate Abilities, Weirdness & Mutations

You have hooves in place of feet.
You are completely covered in molten scales. (AC +4, rF+)
You sometimes gain power by taking damage.
You regenerate magic rapidly.
You occasionally lose the ability to read scrolls when taking damage.


Message History

The deep elf blademaster closely misses your deep elf blademaster.
The deep elf blademaster hits you with a +0 rapier!
* * * LOW HITPOINT WARNING * * *
You block the deep elf blademaster's attack.
You feel yourself speed up.
Your deep elf blademaster hits the deep elf blademaster with a +0 quick blade.
Your deep elf blademaster hits the deep elf blademaster with a +0 quick blade!
Your deep elf blademaster completely misses the deep elf blademaster.
Your deep elf blademaster hits the deep elf blademaster with a +0 quick blade!
The deep elf blademaster completely misses your deep elf blademaster.
The deep elf blademaster hits your deep elf blademaster with a +0 quick blade!!
The deep elf blademaster hits your deep elf blademaster with a +0 quick blade!
The deep elf blademaster completely misses your deep elf blademaster.
The deep elf blademaster misses you.
The deep elf blademaster hits you but does no damage.
Your deep elf blademaster hits the deep elf blademaster with a +0 quick blade.
Your deep elf blademaster hits the deep elf blademaster with a +0 quick blade!
Your deep elf blademaster barely misses the deep elf blademaster.
Your deep elf blademaster misses the deep elf blademaster.
The deep elf blademaster barely misses your deep elf blademaster. x2
The deep elf blademaster hits your deep elf blademaster with a +0 quick blade!
Your deep elf blademaster dies!
Your deep elf blademaster's corpse shimmers and vanishes!
Your skin crawls.
You feel strong-willed.
The deep elf blademaster hits you with a +0 rapier!
* * * LOW HITPOINT WARNING * * *
You focus on the pain.
You feel agile all of a sudden.
The deep elf blademaster hits you but does no damage.
You barely miss the deep elf blademaster.
You block the deep elf blademaster's attack.
The deep elf blademaster hits you but does no damage.
Unknown command.
You completely miss the deep elf blademaster.
Unknown command.
You miss the deep elf blademaster.
Your kick misses the deep elf blademaster.
The deep elf blademaster hits you with a +0 rapier!
You die...

!........................#######.
..)..............................
.~~~~≈...................).......
~~~~≈~~≈.........................
≈#####≈~~~~~~≈~~~~~≈≈~~~~~≈~~≈~~~
## ##≈≈≈≈≈≈≈≈≈~≈≈≈≈≈≈≈≈≈≈≈≈≈≈≈≈ #
###########################
................ .......@ee......
####+######'#######+## #
##...)...#...e.§§§.'... ##
##.......)')..)e§§§§# ≈#
##.........#...e.ee§§#
≈#..+...###############e§#
≈#..#...# #§§# ≈#..#...# #..#
≈#..#...# #e.#


You could see 2 deep elf blademasters, 2 deep elf death magi and 2 deep elf
elementalists.

Vanquished Creatures
  Jorgrun (Orc:2)
  The ghost of Tok Vil the Marksminotaur, an adept MiHu of Okawaru (Elf:1)
  A titan (Elf:1)
  Rupert (Lair:3)
  Gastronok (Lair:2)
  Kirke (D:15)
  Roxanne (D:15)
  A fire giant (D:14)
  2 deep elf sorcerers (Elf:3)
  2 stone giants (D:15)
  Nessos (D:15)
  2 deep elf demonologists (Elf:3)
  4 deep elf annihilators
  A dire elephant (Lair:5)
  A deep elf death mage (Elf:1)
  4 jiangshi (D:13)
  Harold (Lair:1)
  6 hydras
  The ghost of Drangen the Marksspriggan, a journeyman SpHu of Okawaru (D:13)
  3 ogre magi
  8 centaur warriors
  4 boulder beetles
  6 two-headed ogres
  7 catoblepae
  10 dancing weapons
  3 tengu warriors
  A hell hog (Lair:5)
  A vampire mage (D:13)
  4 orc high priests
  19 death yaks
  14 deep elf knights
  10 skeletal warriors
  A skyshark (Lair:4)
  A flayed ghost (D:15)
  3 spriggan simulacra (D:14)
  Pikel (D:8)
  7 deep elf archers
  5 lindwurms
  25 deep elf pyromancers
  21 deep elf zephyrmancers
  9 orc knights
  10 ugly things
  2 orc sorcerers
  4 cyclopes (D:14)
  3 manticores
  9 elephants (Lair:5)
  A black mamba (shapeshifter) (D:15)
  7 black mambas
  A torpor snail (Lair:5)
  2 kobold blastminers (Orc:2)
  Joseph (D:8)
  21 cane toads
  A freezing wraith (D:15)
  3 unseen horrors
  2 kobold demonologists (Bailey)
  Maggie (D:8)
  9 yaktaurs (D:15)
  Psyche (D:10)
  3 rime drakes
  8 komodo dragons
  15 polar bears
  7 trolls
  4 hornets
  A merfolk (Lair:2)
  3 alligator simulacra (D:14)
  13 dream sheep
  3 blink frogs (Lair:5)
  3 raiju (Lair:5)
  2 air elementals
  2 shadows
  5 slime creatures (D:15)
  2 wraiths
  3 vampires (D:13)
  6 wyverns
  A water elemental (Elf:1)
  7 hogs (D:15)
  41 yaks
  3 fire elementals
  7 basilisks
  A steam dragon (D:8)
  A minotaur simulacrum (D:14)
  7 wargs
  19 water moccasins
  3 acid dragons
  12 hell hounds (Lair:5)
  3 sky beasts
  27 orc warriors
  15 black bears
  5 ice beasts
  3 ogres
  A boggart (D:15)
  21 wolves
  13 centaurs
  A phantom (D:4)
  A lemure (D:8)
  20 bullfrogs
  4 gnoll sergeants
  4 earth elementals
  A deep troll simulacrum (D:14)
  6 scorpions
  8 wights
  15 killer bees
  7 howler monkeys
  8 electric eels
  6 jellies
  2 hounds
  A gnoll bouda (D:5)
  14 orc priests
  Terence (D:3)
  12 orc wizards
  5 iguanas
  10 hell rats
  26 gnolls
  10 adders
  3 shadow imps
  5 white imps
  2 ufetubi (D:4)
  3 worms
  3 dart slugs
  42 orcs
  3 ball pythons
  3 endoplasms
  4 giant cockroaches
  20 goblins
  17 hobgoblins
  9 kobolds
  3 quokkas
  3 bats
  2 frilled lizards (D:3)
  2 goblin skeletons (D:3)
  A goblin zombie (D:3)
  A hobgoblin zombie (D:3)
  A kobold skeleton (D:3)
  A kobold zombie (D:3)
  An orc zombie (D:3)
  2 rats (D:2)
837 creatures vanquished.

Vanquished Creatures (collateral kills)
  A fire giant (Elf:1)
  An orc warlord (Elf:3)
  2 minotaurs (Elf:1)
  2 merfolk javelineers (Elf:1)
  A centaur warrior (Elf:1)
  A naga warrior (Elf:1)
  2 deep elf archers (Elf:1)
  3 orc knights
  4 oklob plants (Lair:5)
  3 orc warriors
  An orc priest (Elf:3)
  An orc (Orc:2)
22 creatures vanquished.

Vanquished Creatures (others)
  A deep elf knight (Elf:1)
  A deep elf archer (Elf:3)
  A killer bee (D:11)
3 creatures vanquished.

Grand Total: 862 creatures vanquished

Notes
Turn   | Place    | Note
-------+----------+-------------------------------------------
     0 | D:1      | Malachi the Demonspawn Berserker began the quest for the
                  | Orb.
     0 | D:1      | Reached XP level 1. HP: 18/18 MP: 1/1
   157 | D:1      | Found Xarch's Vocational Training.
   274 | D:1      | Gained mutation: You are partially covered in molten
                  | scales. (AC +2) [demonic ancestry]
   274 | D:1      | Reached XP level 2. HP: 21/24 MP: 0/2
  1094 | D:2      | Found Tiom's Jewellery Emporium.
  1216 | D:2      | Found Acwac Umoo's Jewellery Emporium.
  1269 | D:2      | Gained mutation: You regenerate magic rapidly. [demonic
                  | ancestry]
  1269 | D:2      | Reached XP level 3. HP: 26/30 MP: 3/3
  1681 | D:2      | Reached skill level 4 in Fighting
  1699 | D:2      | Found Goan's Armour Shoppe.
  1771 | D:2      | Reached XP level 4. HP: 37/37 MP: 4/4
  1902 | D:2      | Found Purpho's Armour Emporium.
  1907 | D:2      | Reached ** piety under Trog
  1960 | D:2      | Found Iziutexta's Book Shop.
  1971 | D:2      | Reached skill level 1 in Evocations
  2091 | D:2      | Found a faded altar of an unknown god.
  2510 | D:3      | Found a burning altar of Makhleb.
  2513 | D:3      | Noticed a balrug
  2516 | D:3      | Noticed an angel
  2582 | D:3      | Noticed Terence
  2591 | D:3      | Killed Terence
  2592 | D:3      | Gained mutation: You sometimes gain a little power by
                  | taking damage. [demonic ancestry]
  2592 | D:3      | Reached XP level 5. HP: 42/43 MP: 5/5
  2977 | D:4      | Found a staircase to the Ecumenical Temple.
  3267 | D:4      | Noticed a phantom
  3276 | D:4      | Killed a phantom
  3277 | D:4      | Gained mutation: You have large cloven feet. [demonic
                  | ancestry]
  3277 | D:4      | Reached XP level 6. HP: 49/50 MP: 6/6
  3582 | D:5      | Entered Level 5 of the Dungeon
  3591 | D:5      | Reached skill level 5 in Fighting
  3596 | D:5      | Gained mutation: You are mostly covered in molten scales.
                  | (AC +3) [demonic ancestry]
  3596 | D:5      | Reached XP level 7. HP: 37/56 MP: 5/7
  3737 | D:5      | Reached skill level 5 in Axes
  3746 | D:5      | Reached skill level 6 in Fighting
  4140 | D:5      | Reached *** piety under Trog
  4141 | D:5      | Reached XP level 8. HP: 39/65 MP: 5/8
  4651 | D:5      | Reached skill level 5 in Evocations
  4721 | D:5      | Found an ornate altar of the Wu Jian Council.
  4903 | D:5      | Found a shimmering blue altar of Sif Muna.
  5080 | D:6      | Reached skill level 7 in Fighting
  5163 | D:6      | Gained mutation: You occasionally lose the ability to read
                  | scrolls when taking damage. [potion of mutation]
  5163 | D:6      | Gained mutation: You are agile. (Dex +4, Str/Int -1)
                  | [potion of mutation]
  5163 | D:6      | Gained mutation: You are frail. (-10% HP) [potion of
                  | mutation]
  5163 | D:6      | Gained mutation: Your system is resistant to poisons.
                  | (rPois) [potion of mutation]
  5164 | D:6      | Lost mutation: You are frail. (-10% HP) [potion of
                  | mutation]
  5164 | D:6      | Lost mutation: You are agile. (Dex +4, Str/Int -1) [potion
                  | of mutation]
  5164 | D:6      | Lost mutation: You occasionally lose the ability to read
                  | scrolls when taking damage. [potion of mutation]
  5164 | D:6      | Gained mutation: You passively map a small area around you.
                  | [potion of mutation]
  5164 | D:6      | Gained mutation: You have a pair of small horns on your
                  | head. [potion of mutation]
  5377 | D:6      | Gained mutation: You have hoof-like feet. [demonic
                  | ancestry]
  5377 | D:6      | Reached XP level 9. HP: 69/73 MP: 9/9
  5393 | D:6      | Noticed a troll
  5397 | D:6      | Reached skill level 8 in Fighting
  5405 | D:6      | Killed a troll
  5689 | D:6      | Found an iron altar of Okawaru.
  6085 | D:2      | Bought a +8 chain mail of ponderousness for 236 gold pieces
  6137 | Temple   | Entered the Ecumenical Temple
  6229 | D:6      | You fall into a shaft and drop 2 floors!
  6269 | D:8      | Reached skill level 9 in Fighting
  6709 | D:8      | Reached XP level 10. HP: 76/83 MP: 7/10
  6709 | D:8      | Reached **** piety under Trog
  6753 | D:8      | Noticed Joseph
  6763 | D:8      | Killed Joseph
  7119 | D:7      | Found a snail-covered altar of Cheibriados.
  7481 | D:8      | Found a stormy altar of Qazlal.
  7529 | D:8      | Noticed Maggie
  7529 | D:8      | Noticed Pikel
  7555 | D:8      | Killed Pikel
  7556 | D:8      | Reached skill level 10 in Fighting
  7571 | D:8      | Killed Maggie
  8118 | D:8      | Identified the +0 ring mail of Tulips {rF+}
  8717 | D:9      | Noticed a manticore
  8726 | D:9      | Killed a manticore
  8732 | D:9      | Identified the +6 falchion "Rummage" {speed, MP+9 Dex+3}
  8836 | D:9      | Found a staircase to the Orcish Mines.
  8876 | D:9      | Reached XP level 11. HP: 64/92 MP: 9/11
  9148 | D:9      | Noticed a lindwurm
  9148 | D:9      | Noticed a lindwurm
  9149 | D:9      | Noticed a lindwurm
  9194 | D:9      | Found a flagged portal.
  9205 | Bailey   | Entered a bailey
  9910 | Bailey   | Reached ***** piety under Trog
  9927 | Bailey   | Acquired the scarf of Ru's Generosity {+Inv, rF+ rC+ Str+3}
  9971 | Bailey   | Found the +5 demon whip "Spellbinder" {antimagic, disrupt,
                  | Will+}
 10113 | Bailey   | Found an iron altar of Okawaru.
 10289 | Bailey   | Identified the +10 sling of Durut {antimagic, Dex+5}
 10897 | D:9      | Noticed a two-headed ogre
 10902 | D:9      | Killed a two-headed ogre
 10903 | D:9      | Reached skill level 1 in Maces & Flails
 10903 | D:9      | Reached skill level 10 in Evocations
 11050 | D:9      | Noticed a lindwurm
 11053 | D:9      | Killed a lindwurm
 11054 | D:9      | Reached skill level 11 in Fighting
 11055 | D:9      | Killed a lindwurm
 11066 | D:9      | Killed a lindwurm
 11122 | D:9      | Killed a lindwurm
 11361 | D:9      | Noticed a two-headed ogre
 11386 | D:9      | Killed a two-headed ogre
 11556 | D:9      | Found the +10 morningstar "Eos" {elec, Halo rElec}
 11597 | D:10     | Entered Level 10 of the Dungeon
 11633 | D:10     | Noticed Psyche
 11640 | D:10     | Killed Psyche
 11685 | D:10     | Reached skill level 5 in Maces & Flails
 12025 | D:6      | Identified the +4 dagger of Ruthrees {freeze, Will+ rCorr
                  | Int+3}
 12457 | D:2      | Bought a +2 pair of gloves of infusion for 236 gold pieces
 12702 | D:10     | Found a broken altar of Ashenzari.
 12707 | D:10     | Saw a vision of the Shoals and the Snake Pit.
 12707 | D:10     | Noticed a merfolk avatar
 12707 | D:10     | Noticed a naga ritualist
 12707 | D:10     | Noticed a sea snake
 12707 | D:10     | Noticed a naga sharpshooter
 12707 | D:10     | Noticed a merfolk aquamancer
 12738 | D:10     | Found a sparkling altar of Nemelex Xobeh.
 12747 | D:10     | Found a shimmering altar of Xom.
 12810 | D:10     | Found a staircase to the Lair.
 12905 | Lair:1   | Entered Level 1 of the Lair of Beasts
 12915 | Lair:1   | Reached XP level 12. HP: 100/100 MP: 1/12
 13057 | Lair:1   | Noticed Harold
 13066 | Lair:1   | Reached skill level 5 in Armour
 13074 | Lair:1   | Killed Harold
 13497 | Lair:1   | Reached skill level 12 in Fighting
 13502 | Lair:1   | Reached skill level 1 in Shields
 14432 | Lair:2   | Noticed Gastronok
 14445 | Lair:2   | Killed Gastronok
 14557 | Lair:2   | Found a staircase to the Snake Pit.
 15049 | Lair:2   | Found a staircase to the Shoals.
 15143 | Lair:2   | Reached ****** piety under Trog
 15251 | Lair:2   | Noticed a five-headed hydra
 15251 | Lair:2   | Noticed a death yak
 15267 | Lair:2   | Killed a five-headed hydra
 15268 | Lair:2   | Reached XP level 13. HP: 109/109 MP: 0/13
 15273 | Lair:2   | Received a gift from Trog
 15880 | Lair:3   | Noticed Rupert
 15894 | Lair:3   | Killed Rupert
 16775 | Lair:4   | Reached skill level 13 in Fighting
 16796 | Lair:4   | Reached skill level 5 in Shields
 17064 | Lair:4   | Identified the +10 war axe "Pucsax" {flame, rElec rF- rN+}
 17073 | Lair:4   | Reached skill level 10 in Maces & Flails
 17215 | Lair:4   | Reached skill level 10 in Axes
 17726 | Lair:5   | Entered Level 5 of the Lair of Beasts
 17763 | Lair:5   | Gained mutation: You are completely covered in molten
                  | scales. (AC +4, rF+) [demonic ancestry]
 17763 | Lair:5   | Reached XP level 14. HP: 62/118 MP: 0/14
 18360 | Lair:5   | Received a gift from Trog
 18412 | Lair:5   | Found a staircase to the Slime Pits.
 18468 | Lair:5   | Reached skill level 14 in Fighting
 19480 | Lair:5   | Received a gift from Trog
 20248 | D:11     | Reached XP level 15. HP: 127/127 MP: 10/15
 20962 | D:11     | Found a blossoming altar of Fedhas.
 21264 | D:12     | Reached skill level 10 in Armour
 21803 | D:12     | Identified the +6 morningstar "Syor" {vamp, Dex+3}
 22208 | D:13     | Found a runed translucent door.
 22214 | D:13     | Noticed Drangen's ghost (journeyman SpHu)
 22265 | D:13     | Killed Drangen's ghost
 22884 | D:13     | Reached skill level 15 in Fighting
 23052 | D:13     | Found a shadowy altar of Dithmenos.
 23404 | D:14     | Found a gate to the Vaults.
 23404 | D:14     | Noticed a fire giant
 23416 | D:14     | Killed a fire giant
 23867 | D:14     | Received a gift from Trog
 24903 | D:15     | Entered Level 15 of the Dungeon
 24915 | D:15     | Noticed Roxanne
 24935 | D:15     | Killed Roxanne
 24969 | D:15     | HP: 4/129 [red ugly thing (11)]
 24983 | D:15     | Gained mutation: You have hooves in place of feet. [demonic
                  | ancestry]
 24983 | D:15     | Reached XP level 16. HP: 13/136 MP: 8/16
 25462 | D:15     | Found a runed translucent door.
 25946 | D:15     | Found a portal to a secret trove of treasure.
 25961 | D:15     | Found a staircase to the Depths.
 26189 | D:15     | Noticed Kirke
 26194 | D:15     | Reached skill level 10 in Shields
 26213 | D:15     | Killed Kirke
 26390 | D:15     | Noticed Nessos
 26397 | D:15     | Killed Nessos
 26397 | D:15     | Received a gift from Trog
 26911 | Orc:1    | Entered Level 1 of the Orcish Mines
 27007 | Orc:2    | Entered Level 2 of the Orcish Mines
 27058 | Orc:2    | Found a staircase to the Elven Halls.
 27438 | Orc:2    | Found Fakol's Magic Scroll Boutique.
 27447 | Orc:2    | Bought a scroll of revelation for 97 gold pieces
 27447 | Orc:2    | Bought a scroll of blinking for 97 gold pieces
 27447 | Orc:2    | Bought a scroll of teleportation for 39 gold pieces
 27514 | Orc:2    | Noticed Jorgrun
 27523 | Orc:2    | Killed Jorgrun
 27524 | Orc:2    | Reached skill level 16 in Fighting
 28404 | Orc:2    | Found Plog's Distillery.
 28404 | Orc:2    | Found Otiuqot's Weapon Emporium.
 28409 | Orc:2    | Found Xogaacew's Weapon Shop.
 28409 | Orc:2    | Found Ruoxi's Magic Scroll Emporium.
 28415 | Orc:2    | Bought a potion of curing for 39 gold pieces
 28419 | Orc:2    | Bought a scroll of revelation for 90 gold pieces
 28419 | Orc:2    | Bought a scroll of teleportation for 36 gold pieces
 28426 | Orc:2    | Bought a potion of mutation for 104 gold pieces
 28426 | Orc:2    | Bought a potion of mutation for 104 gold pieces
 28426 | Orc:2    | Lost mutation: Your system is resistant to poisons. (rPois)
                  | [potion of mutation]
 28426 | Orc:2    | Lost mutation: You passively map a small area around you.
                  | [potion of mutation]
 28426 | Orc:2    | Gained mutation: You are vulnerable to heat. (rF-) [potion
                  | of mutation]
 28426 | Orc:2    | Gained mutation: You expend magic power (3 MP) to
                  | strengthen your wands. [potion of mutation]
 28426 | Orc:2    | Gained mutation: Your mind is acute. (Int +4, Str/Dex -1)
                  | [potion of mutation]
 28427 | Orc:2    | Lost mutation: You are vulnerable to heat. (rF-) [potion of
                  | mutation]
 28427 | Orc:2    | Lost mutation: Your mind is acute. (Int +4, Str/Dex -1)
                  | [potion of mutation]
 28427 | Orc:2    | Lost mutation: You expend magic power (3 MP) to strengthen
                  | your wands. [potion of mutation]
 28427 | Orc:2    | Gained mutation: Your body sometimes deteriorates upon
                  | taking damage. [potion of mutation]
 28428 | Orc:2    | Lost mutation: You have a pair of small horns on your head.
                  | [potion of mutation]
 28428 | Orc:2    | Lost mutation: Your body sometimes deteriorates upon taking
                  | damage. [potion of mutation]
 28428 | Orc:2    | Gained mutation: You sometimes lose your temper in combat.
                  | [potion of mutation]
 28428 | Orc:2    | Lost mutation: You sometimes lose your temper in combat.
                  | [potion of mutation]
 28428 | Orc:2    | Gained mutation: You occasionally lose the ability to read
                  | scrolls when taking damage. [potion of mutation]
 28552 | Elf:1    | Entered Level 1 of the Elven Halls
 28569 | Elf:1    | Found a radiant altar of Vehumet.
 28590 | Elf:1    | Received a gift from Trog
 28737 | Elf:1    | Found a runed translucent gate.
 28737 | Elf:1    | Found a runed translucent gate.
 28737 | Elf:1    | Found a runed translucent gate.
 28738 | Elf:1    | Noticed a titan
 29302 | Elf:1    | Found an iron altar of Okawaru.
 29302 | Elf:1    | Identified the +2 scimitar "Beudgh" {venom, Will++ Dex+4}
 29302 | Elf:1    | Noticed Tok Vil's ghost (adept MiHu)
 29303 | Elf:1    | Identified the +3 scale mail of the Tarantula {rCorr Str+3
                  | Dex+3}
 29550 | Elf:1    | Received a gift from Trog
 30109 | Elf:1    | Killed a titan
 30136 | Elf:1    | Killed Tok Vil's ghost
 30137 | Elf:1    | Gained mutation: You sometimes gain power by taking damage.
                  | [demonic ancestry]
 30137 | Elf:1    | Reached XP level 17. HP: 85/146 MP: 0/17
 30320 | Elf:2    | Paralysed by an air elemental for 1 turns
 30323 | Elf:2    | Paralysed by an air elemental for 1 turns
 30329 | Elf:1    | Paralysed by an air elemental for 1 turns
 31132 | Elf:2    | Received a gift from Trog
 31642 | Elf:2    | Found a runed translucent gate.
 31642 | Elf:2    | Found a runed translucent gate.
 31647 | Elf:2    | Reached skill level 17 in Fighting
 31647 | Elf:2    | Found a runed translucent gate.
 32100 | Elf:3    | Entered Level 3 of the Elven Halls
 33353 | Elf:3    | Noticed a deep elf blademaster
 33354 | Elf:3    | Identified the +3 mace "Ugingyni" {spect, Fly}
 33359 | Elf:3    | Noticed a deep elf blademaster
 33359 | Elf:3    | Noticed a deep elf master archer
 33360 | Elf:3    | Noticed a deep elf master archer
 33368 | Elf:3    | HP: 4/135 [deep elf blademaster/+0 quick blade (9)]
 33380 | Elf:3    | Slain by a deep elf blademaster

Illustrated notes

Levels and vault maps discovered:
D:1:      scummos_arrival_simple_crosswalls, layout_basic,
          minmay_strange_pillars, nicolae_concentric_dashed_squares_mild,
          nicolae_shop_vocational
D:2:      layout_loops_ring, serial_shops, nicolae_shop_peninsula,
          nicolae_shop_tiny_waterfront, nicolae_square_shop,
          nicolae_shop_waterfront, shop, basic_ecumenical_altar,
          kennysheep_potato
D:3:      layout_basic, grunt_temple_overflow_order_and_chaos_2,
          nicolae_tso_besieged_by_evil, uniq_terence
D:4:      layout_loops_ring, minmay_temple_entry_slanted
D:5:      layout_basic, marbit_many_paths, lemuel_blue_sif_altar,
          grunt_ministairs_6
D:6:      wad_guarded_room, layout_basic, okawaru_altar_gauntlet_db
D:7:      layout_basic, cheibrodos_worm_habitat
D:8:      layout_loops_corners, nicolae_qazlal_beasts_of_the_sky,
          chequers_serial_rivers_small_a, kennysheep_generic_room_2,
          uniq_maggie, uniq_joseph, uniq_pikel
D:9:      layout_roguey, david_orc_1_choice, enter_bailey_3,
          grunt_decor_resistance, dreamdust_princess_bridge,
          minmay_lindwurm_lava
D:10:     layout_rooms, mainiacjoe_overflow_catwalk_spiral,
          grunt_ashenzari_visionary [grunt_ashenzari_visionary_shoals,
          grunt_ashenzari_visionary_snake], david_lair_shrubbed, uniq_psyche
D:11:     layout_loops_ring, fedhas_altar_4
D:12:     layout_loops_ring
D:13:     layout_roguey, ebering_ghost_reflecting_pool, nicolae_nh_vlads_tower
D:14:     layout_loops_cross, hellmonk_vaults_attempted_burglary,
          portal_ice_cave_entry_ice_simulacra, serial_park_square3
          [serial_park_minivault_5x5_5], hangedman_decor_clover_reticule
D:15:     grunt_enter_depths_giant_problem, layout_basic, chequers_jeans,
          enter_trove_3, st_stairs_8, nicolae_twisting_strands, moated_statue,
          lightli_airlock, uniq_kirke, uniq_nessos, uniq_roxanne
Temple:   minmay_temple_curvy_loop
Lair:1:   layout_chaotic_city, serial_bayou_ford_a, serial_bayou_shore_a,
          grunt_megastairs_5, uniq_harold
Lair:2:   layout_regular_city, elwin_shoals_entry_rooms,
          minmay_snake_entry_six_corridors, nzn_random_ring, uniq_gastronok
Lair:3:   layout_roguey, infiniplex_staircase_pool_2, uniq_rupert
Lair:4:   layout_hall_layers
Lair:5:   hangedman_lair_caniforms_friends, layout_loops_ring,
          hangedman_lair_in_review, minmay_slime_entry_oklob_enclosed,
          chequers_serial_rivers_marsh, chequers_serial_rivers_micro_c,
          wad_woods_road_03
Orc:1:    layout_diamond_mine, serial_shops, shop, einodemon_barbed_minivault,
          uniq_fannar
Orc:2:    grunt_orc_tribal_feast, layout_caves, serial_shops, shop, uniq_jorgrun
Elf:1:    eino_elf_arrival_altar, layout_gridlike,
          gammafunk_ghost_fury_of_okawaru, minmay_elf_crystal_hexagon
Elf:2:    elven_hall_of_blades_hangedman_original [grunt_blade_entry_basic],
          layout_loops_ring
Elf:3:    minmay_elf_hall_dome, layout_geoelf_castle, serial_shops, shop,
          special_room [special_room_orc], serial_library_hellmonk_small_alcove

Skill      XL: |  1  2  3  4  5  6  7  8  9 10 11 12 13 14 15 16 17 |
---------------+----------------------------------------------------+-----
Axes           | 3 4 5 6 8 9 10 11 12 13 14 | 14.4
Fighting       | 4 5 6 7 9 10 11 12 13 14 15 16 17 | 17.3
Evocations     | 1 2 3 4 6 8 9 10 | 10.0
Armour         | 4 6 8 9 11 12 13 | 13.1
Maces & Flails | 5 8 10 | 10.0
Shields        | 3 5 8 9 11 12 | 12.0
Dodging        | |  1.7

Action                     |  1- 3 |  4- 6 |  7- 9 | 10-12 | 13-15 | 16-18 || total
---------------------------+-------+-------+-------+-------+-------+-------++-------
  Melee: Hand axe          |    91 |   122 |   210 |   297 |       |       ||   720
         Kick              |       |     4 |    65 |   241 |   321 |   225 ||   856
         Punch             |       |       |     6 |    10 |       |       ||    16
         Headbutt          |       |       |    21 |   149 |   223 |    39 ||   432
         Unarmed           |       |       |       |    17 |       |       ||    17
         Demon whip        |       |       |       |   391 |   162 |   485 ||  1038
         War axe           |       |       |       |       |   698 |   182 ||   880
 Invoke: Berserk           |     1 |       |       |     3 |     9 |     5 ||    18
         Brothers in Arms  |       |       |       |       |     1 |     7 ||     8
         Trog's Hand       |       |       |       |       |       |     3 ||     3
  Evoke: Wand              |       |       |       |    12 |       |       ||    12
         Lightning rod     |       |       |       |       |       |     1 ||     1
         Phantom mirror    |       |       |       |       |       |     1 ||     1
    Use: Scroll            |     3 |     5 |     4 |     7 |     2 |     6 ||    27
         Potion            |       |       |     2 |    10 |     3 |     7 ||    22
   Stab: Confused          |       |       |       |     3 |       |       ||     3
         Distracted        |       |       |       |     1 |       |     3 ||     4
         Petrified         |       |       |       |       |     3 |       ||     3
 Armour: Animal skin       |     5 |       |       |       |       |       ||     5
         Scale mail        |    66 |    68 |   209 |       |       |       ||   343
         Chain mail        |       |       |    20 |   565 |   780 |   401 ||  1766
         Skin              |       |       |       |     4 |       |       ||     4
  Dodge: Dodged            |    45 |    49 |   118 |   245 |   237 |   111 ||   805
  Block: Buckler           |       |       |       |    75 |   498 |   277 ||   850
         Reflection        |       |       |       |       |    20 |    39 ||    59

Table legend: (Time is in decaauts)
 A = Elapsed time spent in this place.
 B = Non-inter-level travel time spent in this place.
 C = Inter-level travel time spent in this place.
 D = Time resting spent in this place.
 E = Time spent auto-exploring this place.
 F = Levels seen in this place.
 G = Mean time per level.
                   A        B        C        D        E       F      G
               +--------+--------+--------+--------+--------+-----+--------+
         Total |  34347 |  32608 |   1739 |   6113 |  20430 |  27 | 1272.1 |
       Dungeon |  19337 |  17903 |   1434 |   2736 |  11970 |  15 | 1289.1 |
        Temple |      4 |      4 |      0 |      0 |      0 |   1 |    4.0 |
          Lair |   7356 |   7133 |    223 |    422 |   5280 |   5 | 1471.2 |
  Orcish Mines |   1711 |   1672 |     39 |    624 |    817 |   2 |  855.5 |
   Elven Halls |   4761 |   4719 |     42 |   1626 |   2283 |   3 | 1587.0 |
        Bailey |   1175 |   1175 |      0 |    705 |     78 |   1 | 1175.0 |
               +--------+--------+--------+--------+--------+-----+--------+

Top non-repeatable levels by time:
   Elf:1: 2323 daAuts
  Lair:5: 2302 daAuts
    D:15: 2004 daAuts
     D:9: 1964 daAuts
     D:8: 1891 daAuts
   Orc:2: 1609 daAuts
     D:6: 1581 daAuts
    D:14: 1526 daAuts
     D:5: 1469 daAuts
  Lair:2: 1445 daAuts
    D:13: 1422 daAuts
  Lair:1: 1332 daAuts
     D:2: 1297 daAuts
   Elf:3: 1238 daAuts
   Elf:2: 1199 daAuts
